Construct Section Command Post
Selects Indian Artillery Battlegroup
Construct Field Infirmary
Selects Towed ML 4.2-inch Heavy Mortar
Towed ML 4.2-inch Heavy Mortar
Construct Platoon Command Post
Selects Gurkha Rifles Section
6-pounder Anti-tank Gun Team
Selects Off-map Airburst Barrage
Selects Volunteer Infantry
Construct Company Command Post
6-pounder Anti-tank Gun Team
Unlock Towed 17-pounder Anti-tank Guns
Selects Perimeter Monitor
17-pounder Anti-tank Gun Team